 Dungeon Crawl Stone Soup version 0.31-a0-801-gc67433417a (webtiles) character file.

Game seed: 12638589648250975831

2425351 EuServersOMG the Master Archer (level 27, 198/198 HPs)
             Began as a Deep Elf Hexslinger on Sept 19, 2023.
             Was the Champion of Okawaru.
             Escaped with the Orb
             ... and 4 runes on Sept 20, 2023!
             The game lasted 05:23:16 (69084 turns).

EuServersOMG the Master Archer (DEHs)              Turns: 69084, Time: 05:23:16

Health: 198/198    AC: 19    Str:  2    XL:     27
Magic:  45/45      EV: 49    Int: 20    God:    Okawaru [******]
Gold:   8651       SH: 34    Dex: 39    Spells: 14/58 levels left

rFire   + + +        V - +9 hand cannon (freeze)
rCold   + + .        K - +5 kite shield {reflect}
rNeg    . . .        a - +1 robe of the Stars {+Inv rF++ rC+}
rPois   +            N - +2 helmet {SInv}
rElec   +            R - +2 cloak "Zuru" {Will+ rCorr Dex+3}
rCorr   +            S - +2 pair of gloves of Qauwuyr {Regen+ Slay+5}
SInv    +            y - +2 pair of boots of Saosuf {rElec rF+}
Will    ++++.        Y - brooch of Shielding {Spirit SH+8}
Stlth   +            W - ring "Ifohydgh" {rPois Will+ rCorr Dex+5}
HPRegen 1.33/turn    A - ring "Taudeco" {rC+ AC+4 Slay+3}
MPRegen 0.29/turn

%: reflection, guardian spirit
@: studying 4 skills
A: agile 1, dopey 1, robust 1, weak 1
0: Orb of Zot
}: 4/15 runes: serpentine, barnacled, slimy, silver
a: Renounce Religion, Evoke Invisibility, Heroism, Finesse, Duel, Receive Weapon


You escaped.
You worshipped Okawaru.
Okawaru was exalted by your worship.
You visited 12 branches of the dungeon, and saw 56 of its levels.
You also visited: Trove, Bailey, Ice Cave and Wizlab.

You collected 13596 gold pieces.
You spent 4945 gold pieces at shops.

Inventory:

Hand Weapons
 s - the +4 orcbow "Byif Loe" {heavy, rN+ rCorr Dex+4}
   (You bought it in a shop on level 6 of the Dungeon)

   Dex+4:     It affects your dexterity (+4).
   rN+:       It protects you from negative energy.
   rCorr:     It protects you from acid and corrosion.
 P - a +9 triple crossbow of freezing
 V - a +9 hand cannon of freezing (weapon)
 X - a +3 hand cannon of flaming
Missiles
 M - 7 throwing nets
 Z - 25 silver javelins
Armour
 a - the +1 robe of the Stars (worn) {+Inv rF++ rC+}
   (You found it on level 1 of the Crypt)

   rF++:      It greatly protects you from fire.
   rC+:       It protects you from cold.
   +Inv:      It lets you turn invisible.
 l - a +2 robe of cold resistance
 m - a +2 tower shield of protection
 o - the +0 pair of boots of the Engineer {rPois rF+++ Str+2 Dex-3}
   (Okawaru gifted it to you on level 4 of the Lair of Beasts)

   Str+2:     It affects your strength (+2).
   Dex-3:     It affects your dexterity (-3).
   rF+++:     It renders you almost immune to fire.
   rPois:     It protects you from poison
 p - the +0 robe of Free Expression {Str+3 Int+4 Dex+2 SInv}
   (You bought it in a shop on level 1 of the Depths)

   Str+3:     It affects your strength (+3).
   Int+4:     It affects your intelligence (+4).
   Dex+2:     It affects your dexterity (+2).
   SInv:      It lets you see invisible.
 y - the +2 pair of boots of Saosuf (worn) {rElec rF+}
   (Okawaru gifted it to you on level 1 of the Crypt)

   rF+:       It protects you from fire.
   rElec:     It insulates you from electricity.
 K - a +5 kite shield of reflection (worn)
 N - a +2 helmet of see invisible (worn)
 R - the +2 cloak "Zuru" (worn) {Will+ rCorr Dex+3}
   (Okawaru gifted it to you on level 2 of the Lair of Beasts)

   Dex+3:     It affects your dexterity (+3).
   Will+:     It increases your willpower.
   rCorr:     It protects you from acid and corrosion.
 S - the +2 pair of gloves of Qauwuyr (worn) {Regen+ Slay+5}
   (Okawaru gifted it to you on level 3 of the Elven Halls)

   Slay+5:    It affects your accuracy & damage with ranged weapons and melee
   (+5).
   Regen+:    It increases your rate of health regeneration.
Jewellery
 h - the amulet of Tomorrow {Reflect rElec rF+ rC+ Str-5 Int+6 SH+5}
   (You acquired it on level 2 of the Vaults)

   [amulet of reflection]

   Reflect:   It reflects blocked missile attacks.
   Str-5:     It affects your strength (-5).
   Int+6:     It affects your intelligence (+6).
   rF+:       It protects you from fire.
   rC+:       It protects you from cold.
   rElec:     It insulates you from electricity.
   SH+5:      It affects your SH (+5).
 A - the ring "Taudeco" (right hand) {rC+ AC+4 Slay+3}
   (You found it in a treasure trove)

   [ring of protection]

   AC+4:      It affects your AC (+4).
   Slay+3:    It affects your accuracy & damage with ranged weapons and melee
   (+3).
   rC+:       It protects you from cold.
 B - the ring of Woxarix {rC++ rN+ rCorr SInv}
   (You found it on level 3 of the Crypt)

   [ring of positive energy]

   rC++:      It greatly protects you from cold.
   rN+:       It protects you from negative energy.
   SInv:      It lets you see invisible.
   rCorr:     It protects you from acid and corrosion.
 C - the ring of Jutuc {rF+ rC+ AC+4 Str+3 Int-4}
   (You found it on level 3 of the Elven Halls)

   [ring of protection]

   AC+4:      It affects your AC (+4).
   Str+3:     It affects your strength (+3).
   Int-4:     It affects your intelligence (-4).
   rF+:       It protects you from fire.
   rC+:       It protects you from cold.
 T - an amulet of faith
 U - the ring "Aziuqogg" {rElec rF+ rC+ AC+4}
   (You found it in a treasure trove)

   [ring of protection]

   AC+4:      It affects your AC (+4).
   rF+:       It protects you from fire.
   rC+:       It protects you from cold.
   rElec:     It insulates you from electricity.
 W - the ring "Ifohydgh" (left hand) {rPois Will+ rCorr Dex+5}
   (You acquired it on level 1 of the Snake Pit)

   [ring of willpower]

   Dex+5:     It affects your dexterity (+5).
   rPois:     It protects you from poison Will+: It increases your willpower.
   rCorr:     It protects you from acid and corrosion.
 Y - the brooch of Shielding (around neck) {Spirit SH+8}
   (You found it on level 5 of the Pits of Slime)

   [amulet of guardian spirit]

   Spirit:    It causes incoming damage to be divided between your reserves of
   health and magic.
   SH+8:      It affects your SH (+8).
Wands
 g - a wand of acid (44)
 z - a wand of digging (21)
Scrolls
 b - 14 scrolls of poison
 c - 12 scrolls of vulnerability
 e - 4 scrolls of immolation
 f - 7 scrolls of amnesia
 i - 3 scrolls of enchant armour
 j - 6 scrolls of blinking
 q - 9 scrolls of fear
 F - 3 scrolls of torment
 I - 15 scrolls of teleportation
 J - a scroll of enchant weapon
 L - 6 scrolls of fog
 O - 5 scrolls of revelation
 Q - 3 scrolls of silence
Potions
 d - 16 potions of curing
 k - 5 potions of attraction
 n - 3 potions of lignification
 r - 12 potions of might
 t - 5 potions of haste
 u - 10 potions of brilliance
 v - 24 potions of mutation
 w - 9 potions of resistance
 x - 5 potions of cancellation
 D - 2 potions of ambrosia
 E - 8 potions of invisibility
 G - 4 potions of enlightenment
 H - 9 potions of heal wounds


   Skills:
 - Level 20.5 Fighting
 O Level 27 Ranged Weapons
 - Level 3.0 Armour
 + Level 25.4 Dodging
 - Level 22.0 Shields
 - Level 16.0 Spellcasting
 - Level 22.0 Hexes
 - Level 15.0 Translocations
 - Level 1.1 Fire Magic
 - Level 13.0 Air Magic
 - Level 13.0 Invocations


You had 14 spell levels left.
You knew the following spells:

 Your Spells              Type           Power      Damage    Failure   Level
a - Jinxbite              Hex            100%       N/A       0%          2
b - Sigil of Binding      Hex            81%        N/A       0%          3
c - Cause Fear            Hex            40%        N/A       0%          4
d - Dimensional Bullseye  Hex/Tloc       37%        N/A       1%          4
e - Inner Flame           Hex/Fire       58%        N/A       1%          3
f - Gell's Gravitas       Tloc           66%        N/A       1%          3
g - Passage of Golubria   Tloc           66%        N/A       1%          4
h - Blink                 Tloc           100%       N/A       1%          2
i - Silence               Hex/Air        36%        N/A       1%          5
j - Discord               Hex            40%        N/A       5%          8
k - Dispersal             Tloc           33%        N/A       2%          6

Your spell library contained the following spells:

 Spells                   Type           Power      Damage    Failure   Level
 Apportation              Tloc           100%       N/A       0%          1
 Cigotuvi's Dreadful Rot  Necr/Pois/Air  66%        N/A       1%          2
 Ensorcelled Hibernation  Hex/Ice        100%       N/A       1%          2
 Lesser Beckoning         Tloc           100%       N/A       1%          2
 Momentum Strike          Conj/Tloc      92%        3d10      1%          2
 Poisonous Vapours        Pois/Air       84%        N/A       1%          2
 Static Discharge         Conj/Air       84%        2-6/arc   1%          2
 Teleport Other           Tloc           66%        N/A       1%          3
 Airstrike                Air            30%        2d(5-21)  1%          4
 Anguish                  Hex/Necr       28%        N/A       1%          4
 Leda's Liquefaction      Hex/Erth       28%        N/A       1%          4
 Manifold Assault         Tloc           66%        N/A       1%          4
 Enfeeble                 Hex            40%        N/A       1%          7
 Metabolic Englaciation   Hex/Ice        28%        N/A       2%          5
 Mephitic Cloud           Conj/Pois/Air  33%        N/A       3%          3
 Iskenderun's Mystic Bla  Conj/Tloc      46%        2d10      3%          4
 Foxfire                  Conj/Fire      72%        2x1d7     6%          1
 Magic Dart               Conj           64%        1d6       7%          1
 Necrotise                Necr           64%        1d7       7%          1
 Sandblast                Erth           32%        2d9       7%          1
 Sting                    Tmut/Pois      64%        1d6       7%          1
 Scorch                   Fire           40%        2d6       7%          2
 Passwall                 Tmut/Erth      13%        N/A       11%         2
 Sublimation of Blood     Necr           16%        N/A       11%         2
 Wereblood                Tmut           16%        N/A       11%         2
 Ignite Poison            Fire/Tmut/Pois 17%        N/A       19%         3
 Hailstorm                Conj/Ice       16%        3d6       22%         3
 Ozocubu's Armour         Ice            16%        N/A       22%         3
 Stone Arrow              Conj/Erth      32%        3d9       22%         3
 Vampiric Draining        Necr           16%        2d7       22%         3
 Freezing Cloud           Conj/Ice/Air   16%        6-21      34%         5
 Flame Wave               Conj/Fire      18%        2d7       50%         4
 Sticky Flame             Conj/Fire      18%        2d4       50%         4
 Plasma Beam              Fire/Air       22%        2x1d34    52%         6
 Brom's Barrelling Bould  Conj/Erth      16%        2d4       56%         4
 Olgreb's Toxic Radiance  Pois           16%        N/A       56%         4
 Conjure Ball Lightning   Conj/Air       21%        3x3d6     58%         6
 Disjunction              Tloc           33%        N/A       69%         8
 Fireball                 Conj/Fire      9%         3d6       85%         5
 Agony                    Necr           16%        N/A       89%         5
 Borgnjor's Vile Clutch   Necr/Erth      8%         N/A       89%         5
 Irradiate                Conj/Tmut      8%         3d14      89%         5
 Eringya's Noxious Bog    Tmut/Pois      8%         4d6       100%        6
 Starburst                Conj/Fire      9%         6d5       100%        6
 Orb of Destruction       Conj           8%         9d6       100%        7
 Ozocubu's Refrigeration  Ice            8%         4d9       100%        7
 Ignition                 Fire           10%        3d5       100%        8
 Lehudib's Crystal Spear  Conj/Erth      8%         10d3      100%        8
 Death's Door             Necr           8%         N/A       100%        9
 Polar Vortex             Ice            8%         12d1*     100%        9
 Tukima's Dance           Hex            Unusable   N/A       N/A         3
 Summon Guardian Golem    Hex/Summ       Unusable   N/A       N/A         3
 Summon Lightning Spire   Summ/Air       Unusable   N/A       N/A         4
 Summon Small Mammal      Summ           Unusable   N/A       N/A         1
 Call Imp                 Summ           Unusable   N/A       N/A         2
 Call Canine Familiar     Summ           Unusable   N/A       N/A         3
 Animate Armour           Summ/Erth      Unusable   N/A       N/A         4
 Simulacrum               Ice/Necr       Unusable   N/A       N/A         6
 Summon Cactus Giant      Summ           Unusable   N/A       N/A         6
 Spellforged Servitor     Conj/Summ      Unusable   N/A       N/A         7
 Summon Hydra             Summ           Unusable   N/A       N/A         7
 Infestation              Necr           Unusable   N/A       N/A         8
 Dragon's Call            Summ           Unusable   N/A       N/A         9

Dungeon Overview and Level Annotations

Branches:
Dungeon (15/15)            Temple (1/1) D:7            Lair (5/5) D:10
 Shoals (4/4) Lair:2        Snake (4/4) Lair:3        Slime (5/5) Lair:5
    Orc (2/2) D:10            Elf (3/3) Orc:2        Vaults (5/5) D:13
  Crypt (3/3) Vaults:3       Tomb (0/3) Crypt:3      Depths (4/4) D:15
    Zot (5/5) Depths:4     Bailey (visited)           IceCv (visited)
 WizLab (visited)

Altars:
Ashenzari
Cheibriados
Dithmenos
Elyvilon
Fedhas
Gozag
Hepliaklqana
Kikubaaqudgha
Makhleb
Nemelex Xobeh
Okawaru
Qazlal
Ru
Sif Muna
Trog
Uskayaw
Vehumet
Wu Jian
Xom
Yredelemnul
Zin
The Shining One
Jiyva

Shops:
D:6 *   D:9 *   D:11 *   Orc:1 (   Orc:2 *?:=?   Elf:2 ![   Shoals:3 (:
Vaults:1 ?   Vaults:2 ?:   Vaults:3 [   Vaults:4 ((!   Vaults:5 =!?[!
Depths:1 :[   Depths:2 :==   Depths:3 *=(

Portals:
Hell: Depths:1 Depths:2 Depths:3 Depths:4
Abyss: Depths:1 Depths:2 Depths:3 Depths:4
Pandemonium: Depths:1 Depths:2
Ziggurat: Depths:1

Annotations:
D:3 1 runed translucent door, Crazy Yiuf
Snake:3 2 transporters
Elf:2 3 runed translucent doors


Innate Abilities, Weirdness & Mutations

You are agile. (Dex +4, Str/Int -1)
You are dopey. (Int -2)
You are robust. (+10% HP)
You are weak. (Str -2)


Message History

There is an open door here.
You open the door.
There is an open door here.
There is an open door here.
There is an open door here.
There is an open door here.
An Orb Guardian comes into view.
You shoot a bolt.
The bolt closely misses the Orb Guardian.
You shoot a bolt. The bolt hits the Orb Guardian!!!
The bolt freezes the Orb Guardian.
The Orb Guardian is almost dead.
You block the Orb Guardian's attack.
You shoot a bolt.
The bolt closely misses the Orb Guardian.
The Orb Guardian completely misses you. You block the Orb Guardian's attack.
You shoot a bolt.
The bolt hits the Orb Guardian but does no damage.
The Orb Guardian is almost dead.
You block the Orb Guardian's attack.
You shoot a bolt. The bolt hits the Orb Guardian!!
The bolt freezes the Orb Guardian.
You kill the Orb Guardian!
Okawaru accepts your kill.
No target in view!
What level of the Dungeon? (default 4, ? - help)
There is a stone staircase leading up here.
You climb upwards.
Level annotation: 1 runed translucent door, Crazy Yiuf
There is a stone staircase leading down here.
There is a stone staircase leading up here.
You climb upwards.
There is a stone staircase leading down here.
HP restored.
There is a stone staircase leading up here.
You climb upwards.
There is a stone staircase leading down here.
Magic restored.
There is a staircase leading out of the dungeon here.
You have escaped!

#...# #.# #....^....# ##..# #.#
##.######.# ##..#### #.# #.# #.#
.......# #.# #.# #†#
##..##.###### #.# #.# #.#
#...........###.# #.# #.#
#.####.........## #.# #.# #.#
#..###.####♣# #.# #.# #.# #..#
#.# #♣@♣ #.# #.# #.# #..# #.#
♣..♣ #.# #.# #.# #..#
#.##♣..####.# #.# #.# #(.#
#..##♣.♣#...######.#
#.####..###.#.♣.♣..#.........#
#.##........##.♣####.......######
#..........##########.####.......
####.#####............# ########
#.# ##########.#.#


There were no monsters in sight!

Vanquished Creatures
  the Royal Jelly (Slime:5)
  11 dread liches
  3 ancient liches (Zot:5)
  5 orbs of fire
  Mennas (Vaults:5)
  The ghost of Name the Warrior, a veteran GrFi of the Shining One (Crypt:1)
  Sojobo (Crypt:3)
  Bai Suzhen (Elf:3)
  Vv (Depths:4)
  Josephina (Zot:1)
  4 Killer Klowns
  Saint Roka (Vaults:4)
  4 curse toes
  A mutant beast (WizLab)
  16 golden dragons
  2 bone dragons
  Norris (Vaults:4)
  An electric golem (Zot:5)
  2 doom hounds (Depths:4)
  A Brimstone Fiend (D:15)
  Rupert (Snake:1)
  Zenata (Crypt:3)
  2 walking crystal tomes
  20 tentacled monstrosities
  4 liches
  2 walking earthen tomes (Depths:3)
  23 Orb Guardians
  Grunn (Depths:4)
  A shard shrike skeleton (Crypt:3)
  9 titans
  A deep elf master archer (Elf:3)
  8 sphinxes
  A walking frostbound tome (Depths:3)
  10 quicksilver dragons
  5 death cobs
  2 walking divine tomes (Depths:3)
  An ancient champion (Vaults:3)
  8 shadow dragons
  17 acid blobs
  Gastronok (D:9)
  2 krakens
  Frances (Shoals:1)
  Aizul (Snake:1)
  Roxanne (D:14)
  16 storm dragons
  9 tengu reavers
  3 revenants
  20 azure jellies
  14 rockslimes
  8 nagarajas
  5 draconian knights
  5 draconian monks
  7 fire giants
  3 deep elf sorcerers (Elf:3)
  A frost giant (shapeshifter) (Vaults:3)
  8 frost giants
  21 vault wardens
  2 draconian scorchers
  3 ghost moths
  A juggernaut zombie (Crypt:3)
  8 draconian shifters
  An iron dragon (Vaults:5)
  4 deep elf elementalists (Elf:3)
  2 orc warlords (Vaults:4)
  3 draconian stormcallers
  25 ironbound preservers
  3 draconian annihilators
  2 ghouls (Crypt:1)
  2 caustic shrike skeletons
  3 curse skulls
  13 quicksilver oozes
  34 very ugly things
  3 spriggan defenders (Depths:3)
  8 ironbound thunderhulks
  5 formless jellyfish
  20 stone giants
  A reaper (Crypt:2)
  5 war gargoyles
  15 green draconians
  A deep elf demonologist (Elf:3)
  5 elemental wellsprings (Shoals:2)
  5 vampire knights
  A broodmother (shapeshifter) (WizLab)
  A demonspawn black sun (Zot:4)
  10 deep elf annihilators (Elf:3)
  10 white draconians
  11 black draconians
  8 spark wasps
  10 yellow draconians
  11 purple draconians
  9 red draconians
  A spark wasp (shapeshifter) (Depths:3)
  15 ettins
  11 dire elephants
  2 minotaurs (Shoals:4)
  2 merfolk javelineers
  2 eidola (Crypt:2)
  4 merfolk impalers
  A mummy priest (Crypt:3)
  2 green deaths
  4 entropy weavers
  4 jiangshi
  6 deep elf death magi
  19 yaktaur captains
  10 fire dragons
  10 deep elf high priests
  A salamander tyrant (Snake:4)
  15 great orbs of eyes
  3 ice dragons
  A peacekeeper (Vaults:2)
  3 hell beasts
  19 vault guards
  9 hydras
  11 ironbound frosthearts
  4 rakshasas
  An anaconda (shapeshifter) (Depths:4)
  10 ogre magi
  2 spriggan skeletons
  17 two-headed ogres
  Erica (Lair:2)
  4 death knights
  5 centaur warriors
  14 anacondas
  12 dancing weapons
  7 boulder beetles
  2 merfolk aquamancers
  10 satyrs
  A hell hog (Depths:3)
  11 tengu warriors
  6 deep troll earth magi
  2 alligator snapping turtles
  14 death yaks
  16 naga warriors
  A demonic crawler (D:10)
  6 deep troll shamans
  A soul eater (Zot:4)
  9 vampire magi
  15 hell knights
  7 spriggan berserkers
  5 naga sharpshooters
  9 shock serpents
  Sonja (Lair:3)
  A fire crab (shapeshifter) (WizLab)
  8 sun demons (Depths:3)
  16 deep elf knights
  34 skeletal warriors
  5 salamander mystics
  A shadow wraith (Crypt:2)
  7 skysharks
  A sixfirhy (Depths:2)
  5 iron trolls
  A storm dragon skeleton (Crypt:2)
  A swamp dragon (shapeshifter) (WizLab)
  2 sea snakes (shapeshifter)
  50 deep trolls
  6 glowing orange brains
  3 flayed ghosts
  13 deep elf archers
  17 wizards
  A deep troll (shapeshifter) (Elf:2)
  23 ironbound convokers
  2 orange crystal statues (IceCv)
  8 lindwurms
  8 sea snakes
  12 phantasmal warriors
  A shadow dragon zombie (Crypt:1)
  11 harpies
  9 naga ritualists
  9 necromancers
  13 mana vipers
  23 deep elf zephyrmancers
  An oklob plant (Lair:2)
  A goliath frog zombie (Crypt:2)
  11 orc knights
  5 wolf spiders
  13 deep elf pyromancers
  6 shining eyes
  A tengu skeleton (Vaults:2)
  A mana viper (shapeshifter) (Vaults:5)
  71 ugly things
  A wolf spider (shapeshifter) (WizLab)
  An iron dragon skeleton (Crypt:3)
  2 orc sorcerers
  9 salamanders
  23 fauns
  14 manticores
  5 cyclopes
  25 moths of wrath
  11 elephants
  11 fire giant skeletons (Crypt:3)
  A toenail golem (D:15)
  A frost giant skeleton (Vaults:4)
  A stone giant skeleton (Vaults:4)
  2 shock serpent zombies
  5 water nymphs (Shoals:3)
  12 merfolk sirens
  13 vault sentinels
  2 dire elephant zombies
  10 naga magi
  4 eyes of devastation
  Joseph (D:8)
  Maurice (D:8)
  47 black mambas
  13 gargoyles
  A guardian serpent (Snake:3)
  A rust devil (Zot:3)
  A dire elephant skeleton (Crypt:3)
  A water nymph (shapeshifter) (Depths:3)
  An orange demon (Zot:5)
  2 centaur skeletons (Crypt:3)
  Maggie (D:8)
  A human zombie (Vaults:2)
  3 rime drakes
  15 cane toads
  8 freezing wraiths
  A tormentor (D:15)
  6 unseen horrors
  3 yaktaur zombies
  28 yaktaurs
  7 komodo dragons
  2 kobold demonologists (D:13)
  5 tengu conjurers
  2 elves (WizLab)
  An ice devil (Depths:2)
  A yaktaur skeleton (Vaults:4)
  2 efreet
  2 queen bees (shapeshifter) (WizLab)
  5 trolls
  2 red devils
  A polar bear (Lair:3)
  An elf skeleton (Vaults:3)
  A shadow dragon simulacrum (Vaults:4)
  A polar bear (shapeshifter) (WizLab)
  3 trolls (shapeshifter) (WizLab)
  25 merfolk
  A wind drake (shapeshifter) (Depths:3)
  2 harpy zombies (Crypt:3)
  3 meliai (D:13)
  2 tarantellas (shapeshifter)
  A tengu simulacrum (Vaults:4)
  4 hornets
  A raiju (shapeshifter) (WizLab)
  A blink frog (shapeshifter) (WizLab)
  6 wind drakes
  10 blink frogs
  2 harpy skeletons (Crypt:3)
  13 large abominations
  14 snapping turtles
  4 dream sheep
  A draconian simulacrum (Zot:1)
  5 fire dragon skeletons (Crypt:3)
  7 flying skulls
  100 slime creatures
  An ettin zombie (Vaults:2)
  25 water elementals
  A ynoxinul (Depths:2)
  2 culicivoras (Vaults:3)
  7 vampires
  Sigmund (D:3)
  A merfolk skeleton (Crypt:1)
  6 shadows
  A centaur simulacrum (D:13)
  A yak (shapeshifter) (WizLab)
  40 yaks
  10 wraiths
  8 wyverns
  3 fire elementals
  2 spriggans (Depths:4)
  A wyvern (shapeshifter) (WizLab)
  A golden eye (Slime:5)
  3 humans (WizLab)
  17 small abominations
  A redback (shapeshifter) (Vaults:5)
  7 basilisks
  A steam dragon (D:9)
  2 humans (shapeshifter) (WizLab)
  A yaktaur simulacrum (Vaults:4)
  A redback (Vaults:3)
  4 vampire mosquitoes
  28 nagas
  3 wargs
  An iron golem (WizLab)
  A floating eye (shapeshifter) (Vaults:3)
  2 naga zombies (Crypt:3)
  19 water moccasins
  2 acid dragons
  5 floating eyes
  A glowing shapeshifter skeleton (Vaults:4)
  An ice beast (D:6)
  2 sky beasts
  4 black bears (shapeshifter) (WizLab)
  A dream sheep zombie (Crypt:1)
  29 orc warriors
  4 great orb of eyes simulacra (IceCv)
  A black bear (D:4)
  An ettin simulacrum (Vaults:2)
  A swamp dragon skeleton (Crypt:1)
  A lindwurm skeleton (Crypt:2)
  32 wolves
  15 centaurs
  3 phantoms
  32 ogres
  2 slime creature simulacra (IceCv)
  5 kobold brigands
  5 elf zombies (Elf:1)
  9 bullfrogs
  A necrophage (Crypt:1)
  6 earth elementals
  A human skeleton (Vaults:2)
  2 gnoll sergeants
  5 scorpions
  5 glowing shapeshifter simulacra
  30 wights
  A human simulacrum (Vaults:4)
  5 killer bees (D:7)
  A howler monkey (D:7)
  2 vampire bats (Lair:1)
  A yak skeleton (Crypt:2)
  4 electric eels (Lair:3)
  A quasit (D:7)
  6 hounds
  5 jellies
  14 orc priests
  A sleepcap (D:5)
  Jessica (D:2)
  An iguana (D:5)
  Natasha (thrice) (D:3)
  25 orc wizards
  2 deep dwarf skeletons
  A hound zombie (Crypt:1)
  Robin (D:4)
  16 gnolls
  22 adders
  3 shadow imps (D:7)
  4 white imps (D:7)
  7 ufetubi
  An iguana zombie (Crypt:1)
  2 worms
  A dart slug (D:3)
  102 orcs
  A bat zombie (Crypt:2)
  9 endoplasms
  5 giant cockroaches
  15 goblins
  18 hobgoblins
  7 jackals
  6 quokkas
  3 training dummies (Orc:1)
  8 ball pythons
  12 bats
  A frilled lizard (D:1)
  21 kobolds
  7 rats
  3 tentacles
2579 creatures vanquished.

Vanquished Creatures (collateral kills)
  An orb of fire (Zot:5)
  2 tentacled monstrosities
  3 Orb Guardians (Zot:5)
  5 acid blobs (Slime:5)
  A shadow dragon (Zot:4)
  2 azure jellies (Slime:5)
  A draconian monk (Zot:1)
  2 rockslimes (Slime:5)
  A draconian knight (Zot:1)
  4 draconian scorchers
  A draconian stormcaller (Zot:4)
  4 draconian shifters
  A quicksilver ooze (Slime:5)
  A demonspawn blood saint (Zot:5)
  2 draconian annihilators (Zot:3)
  A very ugly thing (Depths:2)
  6 green draconians
  3 black draconians
  3 purple draconians
  2 red draconians (Zot:1)
  6 yellow draconians
  7 white draconians
  A blizzard demon (Zot:5)
  18 vault guards (Vaults:5)
  A spriggan air mage (Depths:2)
  3 hydras (Zot:4)
  4 hell knights (Depths:2)
  A death drake (Zot:4)
  3 swamp dragons (Zot:4)
  An orc knight (Vaults:5)
  2 moths of wrath
  3 flying skulls (Crypt:2)
  A warg (Vaults:5)
  2 orc warriors (Vaults:5)
  An orc wizard (Vaults:5)
  An orc (Vaults:5)
  A hobgoblin zombie (Crypt:2)
102 creatures vanquished.

Vanquished Creatures (others)
  A golden dragon (Depths:4)
  An Orb Guardian (Zot:5)
  A death cob (Zot:5)
  A tengu reaver (Crypt:3)
  An azure jelly (Slime:5)
  A draconian knight (Zot:3)
  2 draconian stormcallers
  A black draconian (Zot:3)
  4 green draconians
  A white draconian (Zot:1)
  A red draconian (Zot:3)
  A purple draconian (Zot:4)
  A yellow draconian (Zot:3)
  2 hell knights (Depths:2)
  2 moths of wrath
  A hellion (D:5)
  A shadow dragon simulacrum (Zot:1)
  A draconian simulacrum (Zot:1)
  2 flying skulls (Crypt:2)
  A wraith (Crypt:2)
  A yellow draconian simulacrum (Zot:1)
  An orc (Vaults:5)
  5 tentacles
34 creatures vanquished.

Grand Total: 2715 creatures vanquished

Notes
Turn   | Place    | Note
-------+----------+-------------------------------------------
     0 | D:1      | EuServersOMG the Deep Elf Hexslinger began the quest for
                  | the Orb.
     0 | D:1      | Reached XP level 1. HP: 11/11 MP: 5/5
    23 | D:1      | Reached skill level 3 in Ranged Weapons
   222 | D:1      | Reached XP level 2. HP: 16/16 MP: 6/6
   225 | D:1      | Learned a level 2 spell: Jinxbite
   334 | D:1      | Reached skill level 4 in Ranged Weapons
   810 | D:2      | Reached XP level 3. HP: 19/20 MP: 4/7
   864 | D:2      | Reached skill level 5 in Ranged Weapons
   879 | D:2      | Noticed Jessica
   883 | D:2      | Killed Jessica
   884 | D:2      | Reached XP level 4. HP: 24/24 MP: 8/8
   934 | D:2      | Found a faded altar of an unknown god.
   944 | D:2      | Reached skill level 6 in Ranged Weapons
  1622 | D:3      | Found a glowing drain.
  1718 | D:3      | Reached XP level 5. HP: 28/28 MP: 6/9
  1722 | D:3      | Learned a level 3 spell: Sigil of Binding
  1763 | D:3      | Reached skill level 7 in Ranged Weapons
  1945 | D:3      | Noticed Natasha
  1949 | D:3      | Killed Natasha
  2085 | D:3      | Found a hide-covered altar of Uskayaw.
  2128 | D:3      | Found a runed translucent door.
  2129 | D:3      | Noticed Crazy Yiuf
  2167 | D:3      | Noticed Sigmund
  2199 | D:3      | Killed Sigmund
  2200 | D:3      | Reached skill level 8 in Ranged Weapons
  2200 | D:3      | Reached XP level 6. HP: 16/33 MP: 10/10
  2429 | D:3      | Noticed Natasha
  2442 | D:3      | Killed Natasha
  2443 | D:3      | Reached skill level 9 in Ranged Weapons
  2463 | D:3      | Noticed Natasha
  2470 | D:3      | Killed Natasha
  3053 | D:4      | Reached skill level 10 in Ranged Weapons
  3053 | D:4      | Reached XP level 7. HP: 18/37 MP: 3/11
  3311 | D:4      | Found a broken altar of Ashenzari.
  3625 | D:4      | Noticed Robin
  3636 | D:4      | Killed Robin
  3820 | D:5      | Entered Level 5 of the Dungeon
  4085 | D:5      | Reached skill level 11 in Ranged Weapons
  4367 | D:5      | Reached skill level 12 in Ranged Weapons
  4367 | D:5      | Reached XP level 8. HP: 42/42 MP: 10/12
  4774 | D:5      | Reached skill level 13 in Ranged Weapons
  4979 | D:6      | Reached skill level 14 in Ranged Weapons
  5094 | D:6      | Reached skill level 5 in Hexes
  5292 | D:6      | Found a shadowy altar of Dithmenos.
  5696 | D:6      | Found Doerchud's Assorted Antiques.
  5711 | D:6      | Reached XP level 9. HP: 46/46 MP: 10/13
  5729 | D:6      | Bought a steaming orcbow for 246 gold pieces
  5729 | D:6      | Identified the +4 orcbow "Byif Loe" {heavy, rN+ rCorr
                  | Dex+4} (You bought it in a shop on level 6 of the Dungeon)
  5729 | D:6      | Bought a purple potion for 26 gold pieces
  5729 | D:6      | Bought a viscous ruby potion for 26 gold pieces
  6081 | D:7      | Found a flagged portal.
  6136 | D:6      | Learned a level 4 spell: Cause Fear
  6223 | Bailey   | Entered a bailey
  6418 | Bailey   | Reached XP level 10. HP: 51/51 MP: 14/14
  6498 | Bailey   | Noticed an orc knight
  6505 | Bailey   | Noticed an orc knight
  6517 | Bailey   | Killed an orc knight
  6623 | Bailey   | Noticed an orc knight
  6645 | Bailey   | Killed an orc knight
  6724 | Bailey   | Killed an orc knight
  6912 | D:7      | Found a staircase to the Ecumenical Temple.
  6923 | Temple   | Entered the Ecumenical Temple
  6930 | Temple   | Became a worshipper of Warmaster Okawaru
  7138 | D:7      | Reached XP level 11. HP: 55/55 MP: 13/15
  7140 | D:7      | Noticed a two-headed ogre
  7147 | D:7      | Found a sacrificial altar of Ru.
  7151 | D:7      | Killed a two-headed ogre
  7152 | D:7      | Reached skill level 1 in Fighting
  7608 | D:8      | Noticed Maurice
  7612 | D:8      | Killed Maurice
  7612 | D:8      | Reached * piety under Okawaru
  7779 | D:8      | Noticed Maggie
  7785 | D:8      | Killed Maggie
  7786 | D:8      | Reached skill level 1 in Armour
  7929 | D:8      | Reached skill level 10 in Translocations
  7988 | D:8      | Found a hazy altar of Hepliaklqana.
  7994 | D:8      | Learned a level 4 spell: Dimensional Bullseye
  8477 | D:9      | Found Naipig's Gadget Gallery.
  8502 | D:9      | Reached skill level 15 in Ranged Weapons
  8542 | D:9      | Reached ** piety under Okawaru
  8724 | D:9      | Found a radiant altar of Vehumet.
  9027 | D:9      | Noticed Gastronok
  9083 | D:8      | Reached skill level 5 in Dodging
  9320 | D:8      | Noticed Joseph
  9330 | D:8      | Killed Joseph
  9330 | D:8      | Reached *** piety under Okawaru
  9839 | D:9      | Killed Gastronok
 10137 | D:10     | Entered Level 10 of the Dungeon
 10239 | D:10     | Found a staircase to the Orcish Mines.
 10270 | D:10     | Reached **** piety under Okawaru
 10305 | D:10     | Noticed a two-headed ogre
 10315 | D:10     | Killed a two-headed ogre
 10316 | D:10     | Reached XP level 12. HP: 63/64 MP: 13/16
 10462 | D:10     | Found a burning altar of Makhleb.
 10480 | D:10     | Found an opulent altar of Gozag.
 10534 | D:10     | Noticed a death yak
 10536 | D:10     | Noticed a death yak
 10542 | D:10     | Killed a death yak
 10542 | D:10     | Noticed a death yak
 10555 | D:10     | Killed a death yak
 10679 | D:10     | Noticed a death yak
 10679 | D:10     | Noticed a death yak
 10688 | D:10     | Killed a death yak
 10767 | D:10     | Found a staircase to the Lair.
 10773 | D:10     | Reached skill level 15 in Hexes
 10795 | D:10     | Noticed a two-headed ogre
 10799 | D:10     | Killed a two-headed ogre
 10799 | D:10     | Reached ***** piety under Okawaru
 10879 | D:10     | Killed a death yak
 10883 | D:10     | Killed a death yak
 11120 | D:10     | Noticed a two-headed ogre
 11125 | D:10     | Killed a two-headed ogre
 11126 | D:10     | Reached skill level 16 in Ranged Weapons
 11230 | D:10     | Noticed a tengu warrior
 11459 | Lair:1   | Entered Level 1 of the Lair of Beasts
 11691 | Lair:1   | Reached skill level 5 in Fighting
 11933 | Lair:1   | Reached skill level 1 in Invocations
 12681 | Lair:2   | Received a gift from Okawaru
 12968 | Lair:2   | Noticed Erica
 13552 | Lair:2   | Noticed a four-headed hydra
 13557 | Lair:2   | Killed a four-headed hydra
 13591 | Lair:2   | Found a staircase to the Shoals.
 13598 | Lair:2   | Noticed a seven-headed hydra
 13702 | Lair:2   | Killed a seven-headed hydra
 13703 | Lair:2   | Reached skill level 5 in Spellcasting
 13703 | Lair:2   | Reached XP level 13. HP: 74/74 MP: 16/22
 13767 | Lair:2   | Reached ****** piety under Okawaru
 13784 | Lair:2   | Identified the +2 cloak "Zuru" {Will+ rCorr Dex+3} (Okawaru
                  | gifted it to you on level 2 of the Lair of Beasts)
 13784 | Lair:2   | Received a gift from Okawaru
 14089 | Lair:2   | Reached skill level 5 in Invocations
 14300 | Lair:2   | Killed Erica
 14711 | Lair:3   | Noticed Sonja
 14714 | Lair:3   | Killed Sonja
 14806 | Lair:3   | Identified the orb of Space {guile, rPois rF+ Str+3 Dex+5}
                  | (Okawaru gifted it to you on level 3 of the Lair of Beasts)
 14806 | Lair:3   | Received a gift from Okawaru
 15606 | Lair:3   | Found a staircase to the Snake Pit.
 16175 | Lair:4   | Identified 2 scrolls of acquirement
 16375 | Lair:4   | Reached XP level 14. HP: 84/84 MP: 29/29
 17111 | Lair:5   | Entered Level 5 of the Lair of Beasts
 17115 | Lair:5   | Reached skill level 10 in Spellcasting
 17521 | Lair:4   | Identified the +0 pair of boots of the Engineer {rPois
                  | rF+++ Str+2 Dex-3} (Okawaru gifted it to you on level 4 of
                  | the Lair of Beasts)
 17521 | Lair:4   | Received a gift from Okawaru
 17852 | Lair:5   | Learned a level 3 spell: Inner Flame
 18029 | Lair:5   | Found a staircase to the Slime Pits.
 18556 | Lair:5   | Reached skill level 10 in Dodging
 18964 | Lair:5   | Identified the +0 pair of boots of Henotheism {rElec}
                  | (Okawaru gifted it to you on level 5 of the Lair of Beasts)
 18964 | Lair:5   | Received a gift from Okawaru
 18976 | Lair:5   | Acquired 710 gold pieces
 18977 | Lair:5   | Acquired a +6 arbalest of freezing
 18978 | Lair:5   | Acquired a +4 heavy triple crossbow
 19205 | D:11     | Found Gobezo Wibi's Island Escapes.
 20031 | D:12     | Found a transporter.
 20054 | D:12     | Found a transporter.
 20073 | D:12     | Found a transporter.
 20124 | D:12     | Found a transporter.
 20261 | D:12     | Identified the +7 quarterstaff of Irrepressible Laughter
                  | {flame, Str+3}
 20321 | D:12     | Reached skill level 17 in Ranged Weapons
 20717 | D:12     | Reached XP level 15. HP: 92/92 MP: 32/32
 21255 | D:13     | Reached skill level 10 in Fighting
 21327 | D:13     | Found a gate to the Vaults.
 21779 | D:14     | You fall into a shaft and drop 1 floor!
 21779 | D:15     | Entered Level 15 of the Dungeon
 21860 | D:14     | Reached skill level 18 in Ranged Weapons
 22111 | D:14     | Noticed Roxanne
 22215 | D:14     | Reached skill level 19 in Ranged Weapons
 22557 | Orc:1    | Entered Level 1 of the Orcish Mines
 22816 | Orc:1    | You fall into a shaft and drop 1 floor!
 22816 | Orc:2    | Entered Level 2 of the Orcish Mines
 22848 | Orc:2    | Received a gift from Okawaru
 22848 | Orc:2    | Found the +15 Maxwell's patent armour {-Cast -Tele rElec
                  | Will+ rCorr}
 22854 | Orc:2    | Reached skill level 20 in Ranged Weapons
 22942 | Orc:2    | Found Tyggos's Magic Scroll Boutique.
 22942 | Orc:2    | Found Jiehos's Jewellery Emporium.
 22942 | Orc:2    | Found Gacub's Assorted Antiques.
 22942 | Orc:2    | Found Raliepp's Book Boutique.
 23057 | Orc:2    | Found Isolugh's Magic Scroll Shoppe.
 23119 | Orc:2    | Found a staircase to the Elven Halls.
 23538 | Orc:2    | Bought a scroll labelled FISTAYTENU for 26 gold pieces
 23538 | Orc:2    | Bought a sapphire potion for 23 gold pieces
 23539 | Orc:2    | Bought a scroll of revelation for 90 gold pieces
 23542 | Orc:2    | Bought a scroll of identify for 24 gold pieces
 23765 | Orc:1    | Found Rantesue's Firing Range.
 24108 | D:10     | Reached skill level 21 in Ranged Weapons
 24332 | D:14     | Killed Roxanne
 24633 | D:15     | Found a staircase to the Depths.
 24730 | D:15     | Identified the +7 flail of Infinite Pain {heavy, rC+ rN+
                  | Stlth+}
 25013 | D:12     | Reached XP level 16. HP: 97/97 MP: 33/33
 25152 | Snake:1  | Entered Level 1 of the Snake Pit
 25191 | Snake:1  | Identified the +2 pair of gloves of Eneomih {rElec MP-9
                  | Dex+5} (Okawaru gifted it to you on level 1 of the Snake
                  | Pit)
 25191 | Snake:1  | Received a gift from Okawaru
 25192 | Snake:1  | Reached skill level 22 in Ranged Weapons
 25404 | Snake:1  | You fall into a shaft and drop 1 floor!
 25604 | Snake:1  | Noticed Aizul
 25607 | Snake:1  | Killed Aizul
 25650 | Snake:1  | Noticed Rupert
 25656 | Snake:1  | Reached skill level 23 in Ranged Weapons
 25656 | Snake:1  | Killed Rupert
 26178 | Snake:2  | Identified the ring of Ratill {Fly rPois}
 26312 | Snake:2  | Reached skill level 24 in Ranged Weapons
 26395 | Snake:1  | Acquired the ring "Ifohydgh" {rPois Will+ rCorr Dex+5}
 26430 | Snake:2  | Learned a level 3 spell: Gell's Gravitas
 26766 | Snake:3  | Received a gift from Okawaru
 26975 | Snake:3  | Reached skill level 25 in Ranged Weapons
 27051 | Snake:3  | Found a frozen archway.
 27156 | IceCv    | Entered an ice cave
 27192 | IceCv    | Received a gift from Okawaru
 27327 | IceCv    | Reached XP level 17. HP: 102/102 MP: 25/34
 27394 | IceCv    | Found a viscous altar of Jiyva.
 27397 | IceCv    | Reached skill level 26 in Ranged Weapons
 27428 | IceCv    | Identified the +0 cloak of the Bull {Int+3 Dex+3}
 27434 | IceCv    | Got the ring "Cuen" {rElec rC+ rCorr Slay-6}
 27619 | Snake:3  | Found a transporter.
 27627 | Snake:3  | Identified the +6 longbow "Sent" {freeze, Fly rC- rCorr}
                  | (Okawaru gifted it to you on level 3 of the Snake Pit)
 27627 | Snake:3  | Received a gift from Okawaru
 27915 | Snake:3  | Found a transporter.
 28320 | Snake:4  | Entered Level 4 of the Snake Pit
 28452 | Snake:4  | Identified the +0 scale mail of Ymmok {+Inv rElec rC-
                  | Int+4} (Okawaru gifted it to you on level 4 of the Snake
                  | Pit)
 28452 | Snake:4  | Received a gift from Okawaru
 28688 | Snake:4  | Got a serpentine rune of Zot
 29365 | Shoals:1 | Entered Level 1 of the Shoals
 29384 | Shoals:1 | Noticed Frances
 29805 | Slime:1  | Entered Level 1 of the Pits of Slime
 30271 | Slime:2  | Noticed an acid blob
 30275 | Slime:2  | Killed an acid blob
 30468 | Slime:3  | Noticed an acid blob
 30550 | Slime:3  | Killed an acid blob
 30781 | Slime:3  | Received a gift from Okawaru
 30886 | Slime:3  | Reached XP level 18. HP: 112/112 MP: 26/35
 31394 | Slime:4  | Reached skill level 15 in Dodging
 31793 | Slime:3  | Identified the scarf of the Echidna {harm, rElec rC-
                  | Slay+3} (Okawaru gifted it to you on level 3 of the Pits of
                  | Slime)
 31793 | Slime:3  | Received a gift from Okawaru
 32151 | Slime:5  | Entered Level 5 of the Pits of Slime
 32153 | Slime:5  | Found the brooch of Shielding {Spirit SH+8}
 32174 | Slime:5  | Noticed the Royal Jelly
 32846 | Slime:5  | Found a viscous altar of Jiyva.
 33310 | Slime:5  | Learned a level 4 spell: Passage of Golubria
 33593 | Shoals:1 | Killed Frances
 33593 | Shoals:1 | Received a gift from Okawaru
 34719 | Shoals:2 | Received a gift from Okawaru
 34731 | Shoals:2 | Reached XP level 19. HP: 94/121 MP: 11/36
 34947 | Shoals:2 | Got a leatherbound book
 35145 | Shoals:3 | Found Ececa's Antique Weapon Boutique.
 35344 | Shoals:3 | HP: 5/122 [wind drake/the air (23)]
 36018 | Shoals:3 | Found Ciumuomp's Self-Improvement Boutique.
 36721 | Shoals:4 | Entered Level 4 of the Shoals
 37246 | Shoals:4 | Reached skill level 15 in Fighting
 37257 | Shoals:4 | Received a gift from Okawaru
 37405 | Shoals:4 | Got a barnacled rune of Zot
 37997 | Elf:1    | Entered Level 1 of the Elven Halls
 38183 | Elf:1    | Identified the +0 cloak "Cakificw" {Regen+}
 38684 | Elf:1    | Got a faded book
 38958 | Elf:1    | Identified the +1 ring mail "Zairoigu" {rN++ Will- Dex+4
                  | Stlth+}
 39199 | Elf:2    | Found Naaqeu's Distillery.
 39205 | Elf:2    | Found Qonota's Antique Armour Shop.
 39213 | Elf:2    | Bought a glowing helmet for 232 gold pieces
 39328 | Elf:2    | Found a runed translucent gate.
 39330 | Elf:2    | Found a runed translucent gate.
 39331 | Elf:2    | Found a runed translucent gate.
 39661 | Elf:3    | Entered Level 3 of the Elven Halls
 39684 | Elf:3    | Reached XP level 20. HP: 120/131 MP: 23/37
 39828 | Elf:3    | Noticed Bai Suzhen
 39835 | Elf:3    | Killed Bai Suzhen
 39958 | Elf:3    | Identified the +8 halberd of the Usurping Gods {flame,
                  | rCorr Stlth+} (Okawaru gifted it to you on level 3 of the
                  | Elven Halls)
 39958 | Elf:3    | Received a gift from Okawaru
 40770 | Elf:3    | Identified the +2 pair of gloves of Qauwuyr {Regen+ Slay+5}
                  | (Okawaru gifted it to you on level 3 of the Elven Halls)
 40770 | Elf:3    | Received a gift from Okawaru
 40842 | Elf:3    | Identified the +0 robe "Tucwuott" {+Blink rC+ rCorr
                  | Archmagi}
 40854 | Elf:3    | Identified the +5 mace of the Twenty Things {pain, rPois
                  | Dex+2}
 40983 | Elf:3    | Identified the +0 rapier "Dosal" {venom, Int+2}
 41044 | Elf:3    | Found the +2 cloak of the Thief {*Fog Slay-2 SInv Stlth+}
 41048 | Elf:3    | Identified the ring of Jutuc {rF+ rC+ AC+4 Str+3 Int-4}
 41092 | Elf:3    | Learned a level 2 spell: Blink
 41098 | Elf:3    | Learned a level 5 spell: Silence
 41107 | Elf:3    | Learned a level 8 spell: Discord
 41438 | Vaults:1 | Entered Level 1 of the Vaults
 42465 | Vaults:1 | Found Fytomu's Magic Scroll Shop.
 42734 | Vaults:2 | Found Umul Qedgh's Magic Scroll Emporium.
 42742 | Vaults:2 | Bought a scroll of acquirement for 884 gold pieces
 42742 | Vaults:2 | Bought a scroll of blinking for 127 gold pieces
 42742 | Vaults:2 | Acquired the amulet of Tomorrow {Reflect rElec rF+ rC+
                  | Str-5 Int+6 SH+5}
 42972 | Vaults:2 | Identified the +7 shortbow "Wyep" {drain, rF+} (Okawaru
                  | gifted it to you on level 2 of the Vaults)
 42972 | Vaults:2 | Received a gift from Okawaru
 43022 | Vaults:2 | Found Lemot's Book Shop.
 43104 | Vaults:2 | Reached skill level 27 in Ranged Weapons
 43177 | Vaults:2 | Reached skill level 1 in Air Magic
 43186 | Vaults:2 | Reached XP level 21. HP: 139/139 MP: 27/38
 43416 | Vaults:2 | Received a gift from Okawaru
 43564 | Vaults:2 | Found a portal to a secret trove of treasure.
 43580 | Trove    | Entered a treasure trove
 43594 | Trove    | Identified the ring "Taudeco" {rC+ AC+4 Slay+3}
 43596 | Trove    | Identified the amulet "Jaoclyi" {Spirit rC+ Int+5 Stlth+}
 43601 | Trove    | Identified the amulet of Zaymumeu {Faith rF++ rC+ Dex-3
                  | Stlth+}
 43604 | Trove    | Identified the ring "Aziuqogg" {rElec rF+ rC+ AC+4}
 43606 | Trove    | Identified the amulet "Inulev" {+Blink Regen+ Str+3}
 43609 | Trove    | Identified the ring of Boutzenk {Ice Int+3 Slay+3}
 43622 | Trove    | Identified the ring of Kammou {*Corrode rF+ rC++ Str+6
                  | Dex-4}
 43625 | Trove    | Identified the amulet "Orchaqig" {Acrobat Dex+3}
 43634 | Trove    | Identified the ring of Liphirih {Fire Will++ rCorr MP+9
                  | Str-4}
 44014 | Vaults:3 | Reached skill level 5 in Air Magic
 44142 | Vaults:3 | Reached skill level 10 in Invocations
 44214 | Vaults:3 | Found a staircase to the Crypt.
 44580 | Vaults:3 | Found Pimoudiwn's Armour Shop.
 45009 | Vaults:3 | a shadow dragon changed into a caustic shrike
 45009 | Vaults:3 | Noticed a caustic shrike (glowing shapeshifter)
 45012 | Vaults:3 | a caustic shrike changed into a frost giant
 45214 | Vaults:3 | You fall into a shaft and drop 1 floor!
 45684 | Vaults:4 | Reached XP level 22. HP: 105/144 MP: 41/41
 45792 | Vaults:4 | Found Doluh's Antique Weapon Shoppe.
 46186 | Vaults:4 | Noticed Norris
 46190 | Vaults:4 | Killed Norris
 46197 | Vaults:4 | Received a gift from Okawaru
 46410 | Vaults:4 | Reached skill level 10 in Air Magic
 46818 | Vaults:4 | Noticed Saint Roka
 46822 | Vaults:4 | Killed Saint Roka
 46971 | Vaults:4 | Found Inasek's Antique Weapon Shoppe.
 47080 | Vaults:4 | Found Defefuazeth's Distillery.
 47599 | Slime:5  | Killed the Royal Jelly
 47715 | Slime:5  | Got a slimy rune of Zot
 47906 | Slime:5  | Got a well-preserved book
 47918 | Slime:5  | Identified the +4 war axe "Nirarcha" {flame, rF+ Dex+4}
 48015 | Slime:4  | Upgraded the game from 0.31-a0-799-g6bc09d010c to
                  | 0.31-a0-801-gc67433417a
 48404 | Crypt:1  | Entered Level 1 of the Crypt
 48519 | Crypt:1  | Found a runed translucent door.
 48520 | Crypt:1  | Found a shimmering altar of Xom.
 48520 | Crypt:1  | Noticed Name's ghost (veteran GrFi)
 48520 | Crypt:1  | Identified the +6 glaive of Puoqainn {chaos, rCorr}
 48629 | Crypt:1  | Acquired 648 gold pieces
 49333 | Crypt:1  | You fall into a shaft and drop 1 floor!
 49510 | Crypt:1  | Killed Name's ghost
 49518 | Crypt:1  | Identified the +8 lajatang of the Endless Expanse {heavy,
                  | Drain rC+ SInv}
 49521 | Crypt:1  | Identified the +1 robe of the Stars {+Inv rF++ rC+}
 49564 | Crypt:1  | Acquired the +2 pair of boots of Saosuf {rElec rF+}
 49564 | Crypt:1  | Received a gift from Okawaru
 49825 | Crypt:2  | Reached skill level 15 in Spellcasting
 49841 | Crypt:2  | Identified the +3 great mace of the Madman {freeze, rPois
                  | rC+ Int+2}
 50341 | Crypt:3  | Entered Level 3 of the Crypt
 50391 | Crypt:3  | Received a gift from Okawaru
 50542 | Crypt:3  | Noticed Sojobo
 50566 | Crypt:3  | Noticed Zenata
 50571 | Crypt:3  | Paralysed by an air elemental for 1 turns
 50648 | Crypt:3  | Killed Zenata
 50649 | Crypt:3  | Reached XP level 23. HP: 127/149 MP: 44/44
 50679 | Crypt:3  | Paralysed by an air elemental for 1 turns
 50690 | Crypt:3  | Killed Sojobo
 51298 | Crypt:3  | Identified the ring "Damnable Contraption" {rPois Dex+6}
 51393 | Crypt:3  | Identified the +2 arbalest "Ukoomac" {drain, Contam rF+
                  | Dex+3}
 51625 | Crypt:3  | Found a staircase to the Tomb.
 51627 | Crypt:3  | Noticed a dread lich
 51633 | Crypt:3  | Killed a dread lich
 51814 | Crypt:3  | Identified the ring of Woxarix {rC++ rN+ rCorr SInv}
 51814 | Crypt:3  | Identified the ring of Umoutozo {*Slow rN+ rCorr Str+4
                  | Stlth+}
 52575 | Shoals:3 | Bought a manual of Shields for 1280 gold pieces
 52868 | Orc:1    | Bought a +0 hand cannon of electrocution for 139 gold
                  | pieces
 52916 | Orc:2    | Bought a scroll of enchant weapon for 90 gold pieces
 52918 | Orc:2    | Bought a manual of Fighting for 1280 gold pieces
 53110 | Vaults:1 | Bought a scroll of enchant weapon for 135 gold pieces
 53235 | Depths:1 | Entered Level 1 of the Depths
 53243 | Depths:1 | Reached skill level 1 in Shields
 53288 | Depths:1 | Found a magical portal.
 53325 | WizLab   | Entered Cigotuvi's Fleshworks
 53473 | WizLab   | Paralysed by a floating eye for 3 turns
 53545 | WizLab   | Found the -2 hat of the Alchemist {rElec rPois rF+ rC+ rN+
                  | Will+ rMut rCorr}
 53587 | WizLab   | Reached skill level 5 in Shields
 53628 | WizLab   | Got a conspicuous book
 54143 | Depths:1 | Found a one-way gate to the infinite horrors of the Abyss.
 54233 | Depths:1 | Found a one-way gateway to a ziggurat.
 54293 | Depths:1 | Found Fine's Tiny Tomes.
 54299 | Depths:1 | Found a one-way gate leading to the halls of Pandemonium.
 54502 | Depths:1 | Found Gyggotsi's Antique Armour Boutique.
 54510 | Depths:1 | Bought a glowing hat for 175 gold pieces
 54510 | Depths:1 | Bought a wizard robe for 142 gold pieces
 54510 | Depths:1 | Identified the +0 robe of Free Expression {Str+3 Int+4
                  | Dex+2 SInv} (You bought it in a shop on level 1 of the
                  | Depths)
 54521 | Depths:1 | Found a gateway to Hell.
 55005 | Depths:2 | Reached skill level 10 in Shields
 55462 | Depths:2 | Found Lis Sija's Book Emporium.
 55462 | Depths:2 | Found Wihe's Jewellery Boutique.
 55463 | Depths:2 | Found Pialowku's Jewellery Boutique.
 55801 | Depths:2 | Reached XP level 24. HP: 156/156 MP: 45/45
 56364 | Depths:3 | Found Pipulu's Evil Emporium.
 56385 | Depths:3 | Found an ancient bone altar of Kikubaaqudgha.
 56387 | Depths:3 | Paralysed by a floating eye for 4 turns
 56573 | Depths:3 | Found Xiklom's Weapon Shoppe.
 56573 | Depths:3 | Found Mexte's Jewellery Emporium.
 56807 | Depths:3 | Identified the +10 dagger "Egodaasch" {protect, rN+ Int+4}
 56831 | Depths:3 | Received a gift from Okawaru
 56833 | Depths:3 | Reached skill level 15 in Shields
 57527 | Depths:3 | You fall into a shaft and drop 1 floor!
 57527 | Depths:4 | Entered Level 4 of the Depths
 57886 | Depths:4 | Noticed Grunn
 57897 | Depths:4 | Killed Grunn
 58007 | Depths:4 | Noticed Vv
 58045 | Depths:4 | Found a gate to the Realm of Zot.
 58872 | Depths:4 | Killed Vv
 59263 | Vaults:5 | Entered Level 5 of the Vaults
 59267 | Vaults:5 | Reached XP level 25. HP: 155/160 MP: 37/45
 59503 | Vaults:5 | Noticed a dread lich
 59600 | Vaults:4 | Killed a dread lich
 59666 | Vaults:4 | Learned a level 6 spell: Dispersal
 60114 | Vaults:5 | Received a gift from Okawaru
 60355 | Vaults:5 | Noticed Mennas
 60365 | Vaults:5 | Killed Mennas
 60423 | Vaults:5 | Noticed a dread lich
 60437 | Vaults:5 | Killed a dread lich
 60643 | Vaults:5 | Found Vekhyxinn's Magic Scroll Shop.
 60682 | Vaults:5 | Found Gesuwah's Distillery.
 60691 | Vaults:5 | Reached XP level 26. HP: 166/166 MP: 45/45
 60884 | Vaults:5 | Found Xawufrel's Jewellery Boutique.
 60898 | Vaults:5 | Got a silver rune of Zot
 61011 | Vaults:5 | Found Keajulo's Antique Armour Boutique.
 61022 | Vaults:5 | Noticed a dread lich
 61031 | Vaults:5 | Killed a dread lich
 61031 | Vaults:5 | Received a gift from Okawaru
 61214 | Vaults:5 | Found Kidovifa's Distillery.
 61565 | Zot:1    | Entered Level 1 of the Realm of Zot
 61565 | Zot:1    | Identified the ring of Qazlal's Favour {Ice rCorr Str+3}
 61565 | Zot:1    | Noticed Josephina
 61572 | Zot:1    | Killed Josephina
 61698 | Zot:1    | Reached XP level 27. HP: 86/171 MP: 0/45
 62488 | Zot:1    | Noticed an orb of fire
 62492 | Zot:1    | Gained mutation: Armour fits poorly on your strangely
                  | shaped body. [an orb of fire]
 62493 | Zot:1    | Gained mutation: You are weak. (Str -2) [an orb of fire]
 62496 | Zot:1    | Killed an orb of fire
 62551 | Zot:1    | Lost mutation: You are weak. (Str -2) [potion of mutation]
 62551 | Zot:1    | Lost mutation: Armour fits poorly on your strangely shaped
                  | body. [potion of mutation]
 62551 | Zot:1    | Gained mutation: You expend magic power (3 MP) to
                  | strengthen your wands. [potion of mutation]
 62551 | Zot:1    | Gained mutation: You are partially covered in iridescent
                  | scales. (AC +2) [potion of mutation]
 62551 | Zot:1    | Gained mutation: Your spells are a little easier to cast,
                  | but a little less powerful. [potion of mutation]
 62551 | Zot:1    | Gained mutation: Your mind is acute. (Int +4, Str/Dex -1)
                  | [potion of mutation]
 64219 | Zot:3    | Reached skill level 15 in Translocations
 64573 | Zot:3    | Noticed an orb of fire
 64584 | Zot:3    | Killed an orb of fire
 64828 | Zot:3    | Identified the +1 pair of gloves "Xotah" {Fly Str+2 Stlth+}
 66142 | Zot:4    | Identified the staff "Erghuff" {rPois rF- rN+ Str+2 Stlth+
                  | Necro}
 66373 | Zot:5    | Entered Level 5 of the Realm of Zot
 67166 | Zot:5    | Noticed an ancient lich
 67173 | Zot:5    | Killed an ancient lich
 67206 | Zot:5    | Noticed a dread lich
 67210 | Zot:5    | Noticed an orb of fire
 67213 | Zot:5    | Killed a dread lich
 67215 | Zot:5    | Killed an orb of fire
 67230 | Zot:5    | Noticed an orb of fire
 67232 | Zot:5    | Noticed a dread lich
 67236 | Zot:5    | Gained mutation: You sometimes lose your temper in combat.
                  | [an orb of fire]
 67240 | Zot:5    | Gained mutation: You occasionally lose the ability to read
                  | scrolls when taking damage. [an orb of fire]
 67243 | Zot:5    | Killed an orb of fire
 67248 | Zot:5    | Killed a dread lich
 67385 | Zot:5    | Noticed a dread lich
 67390 | Zot:5    | Killed a dread lich
 67411 | Zot:5    | Noticed an orb of fire
 67413 | Zot:5    | Lost mutation: Your mind is acute. (Int +4, Str/Dex -1) [an
                  | orb of fire]
 67413 | Zot:5    | Noticed an orb of fire
 67415 | Zot:5    | Killed an orb of fire
 67420 | Zot:5    | Received a gift from Okawaru
 67432 | Zot:5    | Gained mutation: You are weak. (Str -2) [an orb of fire]
 67436 | Zot:5    | Gained mutation: Your spells are easier to cast, but less
                  | powerful. [an orb of fire]
 67575 | Zot:4    | Lost mutation: You occasionally lose the ability to read
                  | scrolls when taking damage. [potion of mutation]
 67575 | Zot:4    | Lost mutation: Your spells are easier to cast, but less
                  | powerful. [potion of mutation]
 67575 | Zot:4    | Lost mutation: You expend magic power (3 MP) to strengthen
                  | your wands. [potion of mutation]
 67575 | Zot:4    | Gained mutation: You expend magic power (3 MP) to
                  | strengthen your wands. [potion of mutation]
 67575 | Zot:4    | Lost mutation: You are weak. (Str -2) [potion of mutation]
 67576 | Zot:4    | Lost mutation: You sometimes lose your temper in combat.
                  | [potion of mutation]
 67576 | Zot:4    | Lost mutation: You are partially covered in iridescent
                  | scales. (AC +2) [potion of mutation]
 67576 | Zot:4    | Lost mutation: Your spells are a little easier to cast, but
                  | a little less powerful. [potion of mutation]
 67576 | Zot:4    | Gained mutation: You are weak. (Str -2) [potion of
                  | mutation]
 67576 | Zot:4    | Gained mutation: Armour fits poorly on your strangely
                  | shaped body. [potion of mutation]
 67576 | Zot:4    | Gained mutation: Your body sometimes deteriorates upon
                  | taking damage. [potion of mutation]
 67577 | Zot:4    | Lost mutation: You expend magic power (3 MP) to strengthen
                  | your wands. [potion of mutation]
 67577 | Zot:4    | Lost mutation: Armour fits poorly on your strangely shaped
                  | body. [potion of mutation]
 67577 | Zot:4    | Lost mutation: Your body sometimes deteriorates upon taking
                  | damage. [potion of mutation]
 67577 | Zot:4    | Gained mutation: You are vulnerable to cold. (rC-) [potion
                  | of mutation]
 67577 | Zot:4    | Gained mutation: You are dopey. (Int -2) [potion of
                  | mutation]
 67577 | Zot:4    | Gained mutation: You have supernaturally acute eyesight.
                  | (SInv) [potion of mutation]
 67577 | Zot:4    | Gained mutation: You have sharp fingernails. [potion of
                  | mutation]
 67578 | Zot:4    | Lost mutation: You are weak. (Str -2) [potion of mutation]
 67578 | Zot:4    | Lost mutation: You have supernaturally acute eyesight.
                  | (SInv) [potion of mutation]
 67578 | Zot:4    | Lost mutation: You are vulnerable to cold. (rC-) [potion of
                  | mutation]
 67578 | Zot:4    | Gained mutation: Your muscles are strong. (Str +4, Int/Dex
                  | -1) [potion of mutation]
 67579 | Zot:4    | Lost mutation: Your muscles are strong. (Str +4, Int/Dex
                  | -1) [potion of mutation]
 67579 | Zot:4    | Lost mutation: You are dopey. (Int -2) [potion of mutation]
 67579 | Zot:4    | Gained mutation: You occasionally shout uncontrollably at
                  | your foes. [potion of mutation]
 67580 | Zot:4    | Lost mutation: You have sharp fingernails. [potion of
                  | mutation]
 67580 | Zot:4    | Lost mutation: You occasionally shout uncontrollably at
                  | your foes. [potion of mutation]
 67580 | Zot:4    | Gained mutation: You occasionally lose the ability to read
                  | scrolls when taking damage. [potion of mutation]
 67580 | Zot:4    | Gained mutation: Your muscles are strong. (Str +4, Int/Dex
                  | -1) [potion of mutation]
 67580 | Zot:4    | Gained mutation: Your muscles are very strong. (Str +8,
                  | Int/Dex -2) [potion of mutation]
 67581 | Zot:4    | Lost mutation: Your muscles are very strong. (Str +8,
                  | Int/Dex -2) [potion of mutation]
 67581 | Zot:4    | Lost mutation: You occasionally lose the ability to read
                  | scrolls when taking damage. [potion of mutation]
 67581 | Zot:4    | Gained mutation: Armour fits poorly on your strangely
                  | shaped body. [potion of mutation]
 67581 | Zot:4    | Gained mutation: You expend magic power (3 MP) to
                  | strengthen your wands. [potion of mutation]
 67582 | Zot:4    | Lost mutation: You expend magic power (3 MP) to strengthen
                  | your wands. [potion of mutation]
 67582 | Zot:4    | Lost mutation: Armour fits poorly on your strangely shaped
                  | body. [potion of mutation]
 67582 | Zot:4    | Lost mutation: Your muscles are strong. (Str +4, Int/Dex
                  | -1) [potion of mutation]
 67582 | Zot:4    | Gained mutation: You are agile. (Dex +4, Str/Int -1)
                  | [potion of mutation]
 67582 | Zot:4    | Gained mutation: You are weak. (Str -2) [potion of
                  | mutation]
 67582 | Zot:4    | Gained mutation: You are dopey. (Int -2) [potion of
                  | mutation]
 67582 | Zot:4    | Gained mutation: You are robust. (+10% HP) [potion of
                  | mutation]
 67670 | Zot:5    | Noticed an ancient lich
 67671 | Zot:5    | Noticed a dread lich
 67675 | Zot:5    | Killed an orb of fire
 67675 | Zot:5    | Noticed a dread lich
 67677 | Zot:5    | Killed an ancient lich
 67687 | Zot:5    | Killed a dread lich
 67694 | Zot:5    | Killed a dread lich
 67840 | Zot:5    | Noticed a dread lich
 67847 | Zot:5    | Killed a dread lich
 67849 | Zot:5    | Noticed an ancient lich
 67859 | Zot:5    | Killed an ancient lich
 67966 | Zot:5    | Identified the +5 scale mail of Beeceb {Regen+ MP+9 Str+3
                  | Dex+2}
 68088 | Zot:5    | Received a gift from Okawaru
 68092 | Zot:5    | Noticed a dread lich
 68098 | Zot:5    | Killed a dread lich
 68366 | Zot:5    | Got the Orb of Zot
 68434 | Zot:5    | Noticed a seraph
 68716 | D:15     | Noticed Ohogash the pandemonium lord
 68932 | D:5      | Noticed Saexunn the pandemonium lord
 69084 | D:$      | Escaped with the Orb!

Illustrated notes

Levels and vault maps discovered:
D:1:      pf_arrival_petrified_forest, layout_loops_ring
D:2:      layout_loops_ring, ebering_ecumenical_altar_rust, uniq_jessica
D:3:      layout_loops_ring, nicolae_uskayaw_murder_on_the_dancefloor,
          gup_sewer_entry_glass, uniq_sigmund, uniq_natasha,
          uniq_crazy_yiuf_cottage
D:4:      layout_gridville, old_standard_altar, uniq_robin
D:5:      kennysheep_windowed_halls, layout_basic
D:6:      layout_loops_ring, nicolae_dithmenos_shadow_blocks, serial_shops,
          nicolae_shop_tiny_statue_garden, chequers_jeans
D:7:      layout_loops_ring, nicolae_ru_great_annihilating_truth,
          minmay_temple_entry_statues_pillars, enter_bailey_5, serial_demonic,
          serial_demonic_b, serial_demonic_c, serial_demonic_f,
          serial_demonic_e, minmay_diced_spiral
D:8:      cheibrodos_statue_roulette, layout_loops_cross,
          general_overflow_altar, uniq_maggie, uniq_joseph, uniq_maurice
D:9:      kennysheep_housing_project, layout_irregular_city,
          mainiacjoe_overflow_alcove_4, nicolae_shop_gadgets, uniq_gastronok
D:10:     minmay_chambers_of_sixes, layout_basic,
          mainiacjoe_overflow_catch_the_wave, dpeg_lair_monsters,
          hiddenorc2_lemuel, feat_on_display
D:11:     layout_loops_ring, minmay_misc_feat_encased, nicolae_island_escapes
D:12:     layout_rooms, nicolae_transporter_intersection
D:13:     layout_irregular_city, david_vaults_5
D:14:     layout_rooms, uniq_roxanne
D:15:     grunt_enter_depths_snipers, layout_irregular_city,
          minmay_misc_feat_doors
Temple:   nicolae_temple_ecumenical_triangle
Lair:1:   minmay_lair_venomous_thicket, layout_small_grid, roderic_batcave
Lair:2:   layout_long_grid, elwin_shoals_entry_stream, minivault_11,
          grunt_megastairs_4, lemuel_fruit_tree, uniq_erica
Lair:3:   layout_layer_cave, guppyfry_snake_entry_island,
          nicolae_quartered_pool_medium, nicolae_lair_run_with_the_wolves,
          infiniplex_staircase_pool, uniq_sonja
Lair:4:   layout_hall_layers, grunt_megastairs_3
Lair:5:   hangedman_lair_in_review, layout_loops_ring, slime_entry_1,
          serial_bayou_pond_a
Shoals:1: layout_shoals, nicolae_shoals_kraken_intersection, uniq_frances
Shoals:2: layout_shoals, nicolae_shoals_raging_river
Shoals:3: layout_shoals, serial_shops, shop, nicolae_shop_self_help
Shoals:4: shoals_end_hellmonk_lost_city
Snake:1:  layout_misc_corridors, uniq_aizul, uniq_rupert
Snake:2:  layout_onion, grunt_ministairs_14, grunt_megastairs_5
Snake:3:  gammafunk_the_bubble [the_bubble_gammafunk_split], layout_cave_shapes,
          portal_ice_cave_entry_ugly_swarm
Snake:4:  snake_pit, layout_basic
Slime:1:  layout_caves
Slime:2:  layout_caves, nicolae_slime_phagocytosis
Slime:3:  layout_caves, basic_altar
Slime:4:  layout_caves
Slime:5:  slime_pit_nicolae_inversion
Orc:1:    layout_caves, nicolae_shop_firing_range
Orc:2:    st_orc_ogre_mass, layout_caves, serial_shops, nicolae_shop_rolled_up
Elf:1:    layout_onion_city, minmay_elf_necromancy, st_stairs_10
Elf:2:    elven_hall_of_blades_hangedman_original
          [nicolae_blade_entry_antechamber], layout_rooms, grunt_ministairs_8,
          st_stairs_3, minmay_shop_star
Elf:3:    minmay_elf_hall_dome, layout_loops_corners, uniq_bai_suzhen
Vaults:1: v_misc_22, vaults_room_corners, nicolae_vaults_little_squares_2,
          nicolae_vaults_mini_display_case, vaults_standard_mumra_x,
          nicolae_vaults_storage_closets_2, nicolae_vaults_library_corner,
          nicolae_vaults_house_1, nicolae_vaults_apartment_1, vaults_dpeg_ring,
          layout_vaults_omnigrid, serial_shops, shop
Vaults:2: nicolae_vaults_frosty_reception, nicolae_vaults_closet_pinwheel_4,
          nicolae_vaults_hallways_thing, nicolae_vaults_wine_cellar,
          nicolae_vaults_storage_room_water, hangedman_vaults_river_flow,
          vaults_mumra_minichess, nicolae_vaults_network_s,
          hangedman_vaults_stretched_pinwheel,
          nicolae_vaults_trapezoid_lopsided_1, vaults_room_glass_cross,
          v_misc_16, nicolae_vaults_trapezoid_lopsided_3, layout_vaults_maze,
          serial_shops, shop, shop, enter_trove_6
Vaults:3: nicolae_vaults_closet_pinwheel_2, minmay_crypt_entry_simple_plaza,
          vaults_room_hallway, nicolae_vaults_offset_grid_hallway_2,
          nicolae_vaults_storage_closets_3, grunt_vaults_funnel,
          dpeg_vaults_monster_box, ontoclasm_vaults_bender, st_greater_box_3,
          v_rooms_1, nicolae_vaults_border_crossing,
          ontoclasm_vaults_loading_screen, vaults_room_pools,
          layout_vaults_omnibox, serial_shops, shop
Vaults:4: ontoclasm_vaults_ligature, nicolae_vaults_arrows,
          nicolae_vaults_offset_grid_hallway_1, v_misc_23, vaults_mumra_hexcomb,
          nicolae_vaults_weapon_check, nicolae_vaults_heart-shaped_vault,
          hangedman_vaults_maws, nicolae_vaults_diamond_1, vaults_room_pools,
          layout_vaults_omnicross, serial_shops, shop, shop, shop, uniq_norris,
          uniq_saint_roka
Vaults:5: serial_shops, uniq_mennas
Crypt:1:  layout_gridlike, ebering_ghost_xom, grunt_megastairs_1,
          grunt_crypt_arrival_split
Crypt:2:  layout_chaotic_city
Crypt:3:  quadcrypt_mu, uniq_sojobo, uniq_zenata
Depths:1: layout_basic, enter_ziggurat_d, fountainhead, pan_entry, serial_shops,
          shop, mu_enter_wizlab_1, abyss_entry, hell_entry,
          hangedman_abyss_or_decor_lesser_grid, grunt_ministairs_7,
          st_stairs_13, minmay_strange_pillars, minmay_misc_feat_pillars,
          nicolae_shop_i_like_small_books_too, nicolae_figureground_pulse
Depths:2: minmay_slanted_spiral_squares, layout_cave_pools, hell_entry,
          minmay_misc_feat_five, rand_demon_pan_entry_1, abyss_entry,
          kennysheep_generic_room_4, minmay_staircase_windowed_large,
          serial_bayou_shore_b, minmay_shop_grove, firewood_loft
Depths:3: minmay_tearing_corner, layout_basic, abyss_entry,
          nicolae_hell_entry_hellmouth_sunbeams, nicolae_evil_shop,
          minmay_shoptagon, minmay_staircase_statues
Depths:4: grunt_twist_and_shout, layout_gridville, minmay_room_of_horrors,
          reono_crystal_passage, hell_entry, uniq_grunn, uniq_vv
Zot:1:    layout_misc_corridors, uniq_josephina
Zot:2:    layout_gridville, st_small_dragon_hoard_4
Zot:3:    kennysheep_blocky_hall, layout_onion, grunt_ministairs_12
Zot:4:    layout_basic, bh_zot_lava_cross, hangedman_swamp_dais
Zot:5:    layout_gridlike, st_stairs_4, lemuel_flame_loot_1

Skill      XL: |  1  2  3  4  5  6  7  8  9 10 11 12 13 14 15 16 17 18 19 20 21 22 23 24 25 26 27 |
---------------+----------------------------------------------------------------------------------+-----
Ranged Weapons | 3 4 5 6 8 10 12 14 15 16 17 21 25 26 27 | 27.0
Hexes          | 7 12 14 15 16 18 19 20 22 | 22.0
Translocations | 9 10 11 12 15 | 15.0
Fighting       | 3 6 8 9 10 12 14 15 17 20 | 20.5
Dodging        | 6 8 10 11 14 17 20 22 25 | 25.4
Armour         | 2 3 |  3.0
Spellcasting   | 5 9 11 13 15 16 | 16.0
Invocations    | 4 7 9 11 12 13 | 13.0
Air Magic      | 1 8 12 13 | 13.0
Shields        | 12 17 20 22 | 22.0
Fire Magic     | |  1.1

Action                     |  1- 3 |  4- 6 |  7- 9 | 10-12 | 13-15 | 16-18 | 19-21 | 22-24 | 25-27 || total
---------------------------+-------+-------+-------+-------+-------+-------+-------+-------+-------++-------
  Melee: Unarmed           |       |     3 |       |       |       |       |       |       |       ||     3
   Fire: Sling             |    60 |   139 |   224 |       |       |       |       |       |       ||   423
         Orcbow            |       |       |    63 |   567 |   578 |     3 |       |       |       ||  1211
         Triple crossbow   |       |       |       |       |   319 |   720 |   983 |   638 |       ||  2660
         Hand cannon       |       |       |       |       |       |       |       |   852 |  1207 ||  2059
  Throw: Throwing net      |       |       |       |       |     1 |       |       |       |       ||     1
   Cast: Jinxbite          |     9 |    31 |    39 |    40 |    36 |     1 |       |       |       ||   156
         Sigil of Binding  |       |     3 |     4 |     9 |     2 |       |       |       |       ||    18
         Dimensional Bulls |       |       |       |    11 |    41 |    74 |    67 |    51 |    33 ||   277
         Cause Fear        |       |       |       |     6 |     5 |    14 |     4 |       |     1 ||    30
         Inner Flame       |       |       |       |       |     8 |     2 |    16 |    17 |     2 ||    45
         Gell's Gravitas   |       |       |       |       |       |     7 |     3 |       |       ||    10
         Passage of Golubr |       |       |       |       |       |       |     1 |     4 |     7 ||    12
         Blink             |       |       |       |       |       |       |     1 |     4 |     6 ||    11
         Discord           |       |       |       |       |       |       |       |     6 |    26 ||    32
         Silence           |       |       |       |       |       |       |       |     2 |       ||     2
         Dispersal         |       |       |       |       |       |       |       |       |     1 ||     1
 Invoke: Finesse           |       |       |       |       |       |       |       |     3 |       ||     3
         Heroism           |       |       |       |       |       |       |       |     1 |       ||     1
         Receive Armour    |       |       |       |       |       |       |       |     1 |       ||     1
  Evoke: Wand              |       |       |       |       |       |       |       |     8 |       ||     8
    Use: Potion            |       |     9 |     2 |     1 |       |     3 |     3 |       |    11 ||    29
         Scroll            |       |       |     5 |     7 |    32 |     6 |     6 |    18 |     8 ||    82
 Armour: Robe              |     4 |    36 |    35 |    77 |   172 |   189 |   118 |   299 |   278 ||  1208
  Dodge: Dodged            |     6 |    41 |    97 |   202 |   676 |   546 |   466 |   814 |   640 ||  3488
  Block: Other             |       |       |       |       |       |       |    36 |    62 |       ||    98
         Reflection        |       |       |       |       |       |       |     7 |    17 |    42 ||    66
         Kite shield       |       |       |       |       |       |       |       |   726 |   920 ||  1646

Table legend: (Time is in decaauts)
 A = Elapsed time spent in this place.
 B = Non-inter-level travel time spent in this place.
 C = Inter-level travel time spent in this place.
 D = Time resting spent in this place.
 E = Time spent auto-exploring this place.
 F = Levels seen in this place.
 G = Mean time per level.
                   A        B        C        D        E       F      G
               +--------+--------+--------+--------+--------+-----+--------+
         Total |  70341 |  62149 |   8192 |   4568 |  43601 |  60 | 1172.3 |
       Dungeon |  17841 |  14931 |   2910 |   1154 |  11136 |  15 | 1189.4 |
        Temple |     14 |      8 |      6 |      0 |      0 |   1 |   14.0 |
          Lair |   8306 |   6790 |   1516 |    637 |   4744 |   5 | 1661.2 |
        Shoals |   4632 |   4199 |    433 |    237 |   3312 |   4 | 1158.0 |
     Snake Pit |   4100 |   3808 |    292 |    514 |   2225 |   4 | 1025.0 |
    Slime Pits |   4275 |   3845 |    430 |    730 |   2089 |   5 |  855.0 |
  Orcish Mines |   1660 |   1384 |    276 |     64 |    964 |   2 |  830.0 |
   Elven Halls |   3241 |   3095 |    146 |    113 |   2391 |   3 | 1080.3 |
        Vaults |   8410 |   7448 |    962 |    235 |   5561 |   5 | 1682.0 |
         Crypt |   3958 |   3772 |    186 |     44 |   2948 |   3 | 1319.3 |
        Depths |   5740 |   5064 |    676 |    283 |   3391 |   4 | 1435.0 |
           Zot |   6384 |   6031 |    353 |    409 |   4160 |   5 | 1276.8 |
         Trove |     63 |     63 |      0 |      0 |      0 |   1 |   63.0 |
        Bailey |    553 |    553 |      0 |    146 |    145 |   1 |  553.0 |
      Ice Cave |    383 |    383 |      0 |      0 |    137 |   1 |  383.0 |
        Wizlab |    773 |    773 |      0 |      0 |    396 |   1 |  773.0 |
               +--------+--------+--------+--------+--------+-----+--------+

Top non-repeatable levels by time:
    D:10: 2370 daAuts
Vaults:4: 2269 daAuts
   Zot:5: 1915 daAuts
 Crypt:3: 1857 daAuts
  Lair:3: 1773 daAuts
Vaults:3: 1694 daAuts
  Lair:2: 1685 daAuts
Vaults:1: 1678 daAuts
  Lair:4: 1663 daAuts
  Lair:5: 1592 daAuts
  Lair:1: 1591 daAuts
Depths:2: 1585 daAuts
Depths:4: 1579 daAuts
Shoals:2: 1552 daAuts
Depths:3: 1516 daAuts
